Workbook
Name Adm: #REF!
Name Adm: [1]PRESUPUESTO!$F$99
Name Adm: [1]PRESUPUESTO!$F$99
Name Imprev: #REF!
Name Imprev: [1]PRESUPUESTO!$F$100
Name Imprev: [1]PRESUPUESTO!$F$100
Name IvaSUtl: #REF!
Name IvaSUtl: [1]PRESUPUESTO!$F$103
Name IvaSUtl: [1]PRESUPUESTO!$F$103
Name SbtPpto: #REF!
Name SbtPpto: [1]PRESUPUESTO!$G$70
Name SbtPpto: [1]PRESUPUESTO!$G$70
Name TtlCD: #REF!
Name TtlCD: [1]PRESUPUESTO!$G$98
Name TtlCD: [1]PRESUPUESTO!$G$98
Name Utilidad: #REF!
Name Utilidad: [1]PRESUPUESTO!$F$101
Name Utilidad: [1]PRESUPUESTO!$F$101

Sheet Mercado
A1: AERONAUTICA CIVIL- REGIONAL OCCIDENTE
A3: Estudio de Mercado
A4: 23500C1214 MEJORAMIENTO Y MANTENIMIENTO INFRAESTRUCTURA AEROPUERTO JUAN CASIANO SOLIS DE GUAPI”
A7: ITEM | B7: Cod | C7: DESCRIPCION | D7: UND | E7: CANT | F7: VR UNITARIO | G7: IPC | H7: VALOR UNITARIO CON IPC 2022 | I7: FID -GPI | J7: VR Unitaro F | K7: VR TOTAL
G8: 0.0562 | I8: 0.35
A9: 1 | C9: TORRE
A10: =A9+0.01 -> 1.01 | B10: 100418 | C10: RETIRO MANTO IMPERM.-BREA-ALQUITRAN-XX | D10: M2 | E10: =+'Memorias de Cantidades'!K20 -> 137 | F10: 7864 | G10: =+F10*$G$8 -> 441.9568 | H10: =+F10+G10 -> 8305.9568 | I10: =+H10*$I$8 -> 2907.0849 | J10: =ROUND(H10+I10,2) -> 11213.04 | K10: =ROUND(E10*J10,2) -> 1536186.5
A11: =A10+0.01 -> 1.02 | B11: 180310 | C11: IMPERM.MANTO 500XT-FOIL ALUMINIO | D11: M2 | E11: =+'Memorias de Cantidades'!K32 -> 137 | F11: 45061 | G11: =+F11*$G$8 -> 2532.4282 | H11: =+F11+G11 -> 47593.428 | I11: =+H11*$I$8 -> 16657.7 | J11: =ROUND(H11+I11,2) -> 64251.13 | K11: =ROUND(E11*J11,2) -> 8802404.8
A12: =A11+0.01 -> 1.03 | B12: 320803 | C12: IMPRIMANTE ASFALTICO | D12: KLS | E12: =+'Memorias de Cantidades'!L44 -> 14 | F12: 13500 | G12: =+F12*$G$8 -> 758.7 | H12: =+F12+G12 -> 14258.7 | I12: =+H12*$I$8 -> 4990.545 | J12: =ROUND(H12+I12,2) -> 19249.25 | K12: =ROUND(E12*J12,2) -> 269489.5
A13: =A12+0.01 -> 1.04 | B13: 290426 | C13: PASAMANOS METALICO TUBULAR-REDONDO | D13: ML | E13: =+'Memorias de Cantidades'!J56 -> 251 | F13: 18120 | G13: =+F13*$G$8 -> 1018.344 | H13: =+F13+G13 -> 19138.344 | I13: =+H13*$I$8 -> 6698.4204 | J13: =ROUND(H13+I13,2) -> 25836.76 | K13: =ROUND(E13*J13,2) -> 6485026.8
A14: =A13+0.01 -> 1.05 | B14: 100531 | C14: DESM.DIVISION PANEL LAMINA YESO-BOARD | D14: M2 | E14: =+'Memorias de Cantidades'!K68 -> 30 | F14: 8150 | G14: =+F14*$G$8 -> 458.03 | H14: =+F14+G14 -> 8608.03 | I14: =+H14*$I$8 -> 3012.8105 | J14: =ROUND(H14+I14,2) -> 11620.84 | K14: =ROUND(E14*J14,2) -> 348625.2
A15: =A14+0.01 -> 1.06 | B15: 180435 | C15: C.F.LAMINA BOARD 1214x605x4MM P.ALUMINIO | D15: M2 | E15: =+'Memorias de Cantidades'!K80 -> 30 | F15: 43235 | G15: =+F15*$G$8 -> 2429.807 | H15: =+F15+G15 -> 45664.807 | I15: =+H15*$I$8 -> 15982.682 | J15: =ROUND(H15+I15,2) -> 61647.49 | K15: =ROUND(E15*J15,2) -> 1849424.7
A16: =A15+0.01 -> 1.07 | B16: APU-001 | C16: MANTENIMIENTO VENTANA EN CELOCIA EN ALUMINIO | D16: M2 | E16: =+'Memorias de Cantidades'!K92 -> 72 | F16: =+Apus!G104 -> 60650.4 | G16: =+F16*$G$8 -> 3408.5525 | H16: =+F16+G16 -> 64058.952 | I16: =+H16*$I$8 -> 22420.633 | J16: =ROUND(H16+I16,2) -> 86479.59 | K16: =ROUND(E16*J16,2) -> 6226530.5
A17: =A16+0.01 -> 1.08 | B17: 330135 | C17: ANDAMIO METALICO TUBULAR | D17: U/D | E17: =+'Memorias de Cantidades'!L104 -> 450 | F17: 1100 | G17: =+F17*$G$8 -> 61.82 | H17: =+F17+G17 -> 1161.82 | I17: =+H17*$I$8 -> 406.637 | J17: =ROUND(H17+I17,2) -> 1568.46 | K17: =ROUND(E17*J17,2) -> 705807
A18: =A17+0.01 -> 1.09 | B18: 290115 | C18: RASQUETEADA-LIJADA-RESANE | D18: M2 | E18: =+'Memorias de Cantidades'!K116 -> 300 | F18: 1836 | G18: =+F18*$G$8 -> 103.1832 | H18: =+F18+G18 -> 1939.1832 | I18: =+H18*$I$8 -> 678.71412 | J18: =ROUND(H18+I18,2) -> 2617.9 | K18: =ROUND(E18*J18,2) -> 785370
A19: =A18+0.01 -> 1.1 | B19: 291003 | C19: ESGRAFIADO SOBRE RESANES | D19: M2 | E19: =+'Memorias de Cantidades'!K128 -> 300 | F19: 10859 | G19: =+F19*$G$8 -> 610.2758 | H19: =+F19+G19 -> 11469.276 | I19: =+H19*$I$8 -> 4014.2465 | J19: =ROUND(H19+I19,2) -> 15483.52 | K19: =ROUND(E19*J19,2) -> 4645056
A20: =A19+0.01 -> 1.11 | B20: 290503 | C20: REPELENTE DE AGUA IMPERM | D20: M2 | E20: =+'Memorias de Cantidades'!K140 -> 300 | F20: 7373 | G20: =+F20*$G$8 -> 414.3626 | H20: =+F20+G20 -> 7787.3626 | I20: =+H20*$I$8 -> 2725.5769 | J20: =ROUND(H20+I20,2) -> 10512.94 | K20: =ROUND(E20*J20,2) -> 3153882
A21: =A20+0.01 -> 1.12 | B21: 290307 | C21: VINILO CIELO TIPO 1 [3M] | D21: M2 | E21: =+'Memorias de Cantidades'!K152 -> 300 | F21: 9920 | G21: =+F21*$G$8 -> 557.504 | H21: =+F21+G21 -> 10477.504 | I21: =+H21*$I$8 -> 3667.1264 | J21: =ROUND(H21+I21,2) -> 14144.63 | K21: =ROUND(E21*J21,2) -> 4243389
A22: =A21+0.01 -> 1.13 | B22: 100622 | C22: RETIRO DE SALDOS EN SITIO | D22: M3 | E22: =+'Memorias de Cantidades'!L164 -> 165 | F22: 7156 | G22: =+F22*$G$8 -> 402.1672 | H22: =+F22+G22 -> 7558.1672 | I22: =+H22*$I$8 -> 2645.3585 | J22: =ROUND(H22+I22,2) -> 10203.53 | K22: =ROUND(E22*J22,2) -> 1683582.4
A23: =A22+0.01 -> 1.14 | B23: 270107 | C23: CERRADURA YALE ENTRADA PPAL.REF.5316 | D23: UND | E23: =+'Memorias de Cantidades'!I176 -> 2 | F23: 60318 | G23: =+F23*$G$8 -> 3389.8716 | H23: =+F23+G23 -> 63707.872 | I23: =+H23*$I$8 -> 22297.755 | J23: =ROUND(H23+I23,2) -> 86005.63 | K23: =ROUND(E23*J23,2) -> 172011.26
A24: =A23+0.01 -> 1.15 | B24: APU-002 | C24: SUMINISTRO E INSTALACION DE TIMBRE | D24: UND | E24: =+'Memorias de Cantidades'!I188 -> 3 | F24: =+Apus!G210 -> 82817.5 | G24: =+F24*$G$8 -> 4654.3435 | H24: =+F24+G24 -> 87471.844 | I24: =+H24*$I$8 -> 30615.145 | J24: =ROUND(H24+I24,2) -> 118086.99 | K24: =ROUND(E24*J24,2) -> 354260.97
A25: =A24+0.01 -> 1.16 | B25: 100112 | C25: LIMPIEZA DESMONTE ASEO | D25: M2 | E25: =+'Memorias de Cantidades'!K200 -> 186 | F25: 2536 | G25: =+F25*$G$8 -> 142.5232 | H25: =+F25+G25 -> 2678.5232 | I25: =+H25*$I$8 -> 937.48312 | J25: =ROUND(H25+I25,2) -> 3616.01 | K25: =ROUND(E25*J25,2) -> 672577.86
A26: =A25+0.01 -> 1.17 | B26: 260116 | C26: VIDRIO LAMINADO INCOLORO 6 MM | D26: M2 | E26: =+'Memorias de Cantidades'!K212 -> 18 | F26: 165899 | G26: =+F26*$G$8 -> 9323.5238 | H26: =+F26+G26 -> 175222.52 | I26: =+H26*$I$8 -> 61327.883 | J26: =ROUND(H26+I26,2) -> 236550.41 | K26: =ROUND(E26*J26,2) -> 4257907.4
A27: =A26+0.01 -> 1.18 | B27: 250522 | C27: MEZCLADOR DUCHA LINEA MEDIA | D27: UND | E27: =+'Memorias de Cantidades'!I224 -> 1 | F27: 101399 | G27: =+F27*$G$8 -> 5698.6238 | H27: =+F27+G27 -> 107097.62 | I27: =+H27*$I$8 -> 37484.168 | J27: =ROUND(H27+I27,2) -> 144581.79 | K27: =ROUND(E27*J27,2) -> 144581.79
A28: =A27+0.01 -> 1.19 | B28: 250506 | C28: GRIFERIA HIDROSTATICA TANQUE SANITARIO | D28: UND | E28: =+'Memorias de Cantidades'!I236 -> 1 | F28: 63864 | G28: =+F28*$G$8 -> 3589.1568 | H28: =+F28+G28 -> 67453.157 | I28: =+H28*$I$8 -> 23608.605 | J28: =ROUND(H28+I28,2) -> 91061.76 | K28: =ROUND(E28*J28,2) -> 91061.76
A29: =A28+0.01 -> 1.2 | B29: 240208 | C29: DIV.ANGEO FIBRA ALUMINIO LIVIANO [-X] | D29: M2 | E29: =+'Memorias de Cantidades'!K248 -> 72 | F29: 75132 | G29: =+F29*$G$8 -> 4222.4184 | H29: =+F29+G29 -> 79354.418 | I29: =+H29*$I$8 -> 27774.046 | J29: =ROUND(H29+I29,2) -> 107128.46 | K29: =ROUND(E29*J29,2) -> 7713249.1
A30: =A29+0.01 -> 1.21 | B30: 250114 | C30: KIT ACCESORIOS BANO METAL CROMO 6P MED | D30: JGO | E30: =+'Memorias de Cantidades'!I260 -> 1 | F30: 201116 | G30: =+F30*$G$8 -> 11302.719 | H30: =+F30+G30 -> 212418.72 | I30: =+H30*$I$8 -> 74346.552 | J30: =ROUND(H30+I30,2) -> 286765.27 | K30: =ROUND(E30*J30,2) -> 286765.27
A31: =A30+0.01 -> 1.22 | B31: 260202 | C31: ESPEJO CLARO DE 4 MM | D31: M2 | E31: =+'Memorias de Cantidades'!K272 -> 2 | F31: 73009 | G31: =+F31*$G$8 -> 4103.1058 | H31: =+F31+G31 -> 77112.106 | I31: =+H31*$I$8 -> 26989.237 | J31: =ROUND(H31+I31,2) -> 104101.34 | K31: =ROUND(E31*J31,2) -> 208202.68
A32: =A31+0.01 -> 1.23 | B32: 260402 | C32: PELICULA CONTROL SOLAR-POLARIZADO | D32: M2 | E32: =+'Memorias de Cantidades'!K284 -> 18 | F32: 99344 | G32: =+F32*$G$8 -> 5583.1328 | H32: =+F32+G32 -> 104927.13 | I32: =+H32*$I$8 -> 36724.496 | J32: =ROUND(H32+I32,2) -> 141651.63 | K32: =ROUND(E32*J32,2) -> 2549729.3
A33: =A32+0.01 -> 1.24 | B33: 200818 | C33: GUARDAESCOBA CEDRO 8CM | D33: ML | E33: =+'Memorias de Cantidades'!J296 -> 40 | F33: 14132 | G33: =+F33*$G$8 -> 794.2184 | H33: =+F33+G33 -> 14926.218 | I33: =+H33*$I$8 -> 5224.1764 | J33: =ROUND(H33+I33,2) -> 20150.39 | K33: =ROUND(E33*J33,2) -> 806015.6
A34: =A33+0.01 -> 1.25 | B34: APU-003 | C34: CAMBIO RIEL PUERTA - VENTANA -SIMILAR-GUIA EXTENSION | D34: UND | E34: =+'Memorias de Cantidades'!I308 -> 5 | F34: =+Apus!G338 -> 92418.9 | G34: =+F34*$G$8 -> 5193.9422 | H34: =+F34+G34 -> 97612.842 | I34: =+H34*$I$8 -> 34164.495 | J34: =ROUND(H34+I34,2) -> 131777.34 | K34: =ROUND(E34*J34,2) -> 658886.7
A35: =A34+0.01 -> 1.26 | B35: APU-004 | C35: SUMINISTRO E INSTALACION DE CITOFONO CON CAMARA | D35: UND | E35: =+'Memorias de Cantidades'!I320 -> 1 | F35: =+Apus!G361 -> 758327.5 | G35: =+F35*$G$8 -> 42618.005 | H35: =+F35+G35 -> 800945.51 | I35: =+H35*$I$8 -> 280330.93 | J35: =ROUND(H35+I35,2) -> 1081276.4 | K35: =ROUND(E35*J35,2) -> 1081276.4
A36: =A35+0.01 -> 1.27 | B36: APU-005 | C36: SUMINISTRO E INSTALACION DE CHAPA CON APERTURA REMOTA | D36: UND | E36: =+'Memorias de Cantidades'!I332 -> 1 | F36: =+Apus!G384 -> 968327.5 | G36: =+F36*$G$8 -> 54420.005 | H36: =+F36+G36 -> 1022747.5 | I36: =+H36*$I$8 -> 357961.63 | J36: =ROUND(H36+I36,2) -> 1380709.1 | K36: =ROUND(E36*J36,2) -> 1380709.1
A37: =A36+0.01 -> 1.28 | B37: 300204 | C37: CORTE PRADO MANUAL Y CONTROL MALEZA | D37: M2 | E37: =+'Memorias de Cantidades'!K344 -> 2000 | F37: 240 | G37: =+F37*$G$8 -> 13.488 | H37: =+F37+G37 -> 253.488 | I37: =+H37*$I$8 -> 88.7208 | J37: =ROUND(H37+I37,2) -> 342.21 | K37: =ROUND(E37*J37,2) -> 684420
A38: =A37+0.01 -> 1.29 | B38: 100116 | C38: RETIRO PRADO - MALEZA | D38: M2 | E38: =+'Memorias de Cantidades'!K356 -> 2000 | F38: 1342 | G38: =+F38*$G$8 -> 75.4204 | H38: =+F38+G38 -> 1417.4204 | I38: =+H38*$I$8 -> 496.09714 | J38: =ROUND(H38+I38,2) -> 1913.52 | K38: =ROUND(E38*J38,2) -> 3827040
A39: =A38+0.01 -> 1.3 | B39: 100602 | C39: EXCAVACION TIERRA CONGLOMERADO | D39: M3 | E39: =+'Memorias de Cantidades'!K368 -> 36 | F39: 20983 | G39: =+F39*$G$8 -> 1179.2446 | H39: =+F39+G39 -> 22162.245 | I39: =+H39*$I$8 -> 7756.7856 | J39: =ROUND(H39+I39,2) -> 29919.03 | K39: =ROUND(E39*J39,2) -> 1077085.1
A40: =A39+0.01 -> 1.31 | B40: APU-006 | C40: RELLENO COMPACTADO CON BALASTRO DE RIO | D40: M3 | E40: =+'Memorias de Cantidades'!K380 -> 24 | F40: =+Apus!G439 -> 108579.73 | G40: =+F40*$G$8 -> 6102.1808 | H40: =+F40+G40 -> 114681.91 | I40: =+H40*$I$8 -> 40138.669 | J40: =ROUND(H40+I40,2) -> 154820.58 | K40: =ROUND(E40*J40,2) -> 3715693.9
A41: =A40+0.01 -> 1.32 | B41: 200132 | C41: ANDEN CONCRETO 10CM 3000 PSI | D41: M2 | E41: =+'Memorias de Cantidades'!K392 -> 120 | F41: 60232 | G41: =+F41*$G$8 -> 3385.0384 | H41: =+F41+G41 -> 63617.038 | I41: =+H41*$I$8 -> 22265.963 | J41: =ROUND(H41+I41,2) -> 85883 | K41: =ROUND(E41*J41,2) -> 10305960
A42: =A41+0.01 -> 1.33 | B42: 080522 | C42: SARDINEL EN CONCRETO 15X15 MAS HIERRO | D42: ML | E42: =+'Memorias de Cantidades'!K404 -> 100 | F42: 18909 | G42: =+F42*$G$8 -> 1062.6858 | H42: =+F42+G42 -> 19971.686 | I42: =+H42*$I$8 -> 6990.09 | J42: =ROUND(H42+I42,2) -> 26961.78 | K42: =ROUND(E42*J42,2) -> 2696178
A43: 2 | C43: TERMINAL
A44: =A43+0.01 -> 2.01 | B44: APU-007 | C44: LIMPIEZA Y ASEO GENERAL C.F. PVC | D44: M2 | E44: =+'Memorias de Cantidades'!K418 -> 640 | F44: =+Apus!G488 -> 2408.92 | G44: =+F44*$G$8 -> 135.3813 | H44: =+F44+G44 -> 2544.3013 | I44: =+H44*$I$8 -> 890.50546 | J44: =ROUND(H44+I44,2) -> 3434.81 | K44: =ROUND(E44*J44,2) -> 2198278.4
A45: =A44+0.01 -> 2.02 | B45: 310101 | C45: LIMPIEZA CARPINTERIA METALICA | D45: M2 | E45: =+'Memorias de Cantidades'!K430 -> 38 | F45: 1911 | G45: =+F45*$G$8 -> 107.3982 | H45: =+F45+G45 -> 2018.3982 | I45: =+H45*$I$8 -> 706.43937 | J45: =ROUND(H45+I45,2) -> 2724.84 | K45: =ROUND(E45*J45,2) -> 103543.92
A46: =A45+0.01 -> 2.03 | B46: 290407 | C46: ESMALTE SOBRE LAMINA LLENA | D46: M2 | E46: =+'Memorias de Cantidades'!K442 -> 38 | F46: 10125 | G46: =+F46*$G$8 -> 569.025 | H46: =+F46+G46 -> 10694.025 | I46: =+H46*$I$8 -> 3742.9087 | J46: =ROUND(H46+I46,2) -> 14436.93 | K46: =ROUND(E46*J46,2) -> 548603.34
A47: =A46+0.01 -> 2.04 | B47: APU-008 | C47: MANTENIMIENTO VENTANA EN ALUMINIO | D47: M2 | E47: =+'Memorias de Cantidades'!K454 -> 13 | F47: =+Apus!G540 -> 53502 | G47: =+F47*$G$8 -> 3006.8124 | H47: =+F47+G47 -> 56508.812 | I47: =+H47*$I$8 -> 19778.084 | J47: =ROUND(H47+I47,2) -> 76286.9 | K47: =ROUND(E47*J47,2) -> 991729.7
A48: =A47+0.01 -> 2.05 | B48: 290115 | C48: RASQUETEADA-LIJADA-RESANE | D48: M2 | E48: =+'Memorias de Cantidades'!K473 -> 1166 | F48: 1836 | G48: =+F48*$G$8 -> 103.1832 | H48: =+F48+G48 -> 1939.1832 | I48: =+H48*$I$8 -> 678.71412 | J48: =ROUND(H48+I48,2) -> 2617.9 | K48: =ROUND(E48*J48,2) -> 3052471.4
A49: =A48+0.01 -> 2.06 | B49: 290307 | C49: VINILO CIELO TIPO 1 [3M] | D49: M2 | E49: =+'Memorias de Cantidades'!K492 -> 1166 | F49: 9920 | G49: =+F49*$G$8 -> 557.504 | H49: =+F49+G49 -> 10477.504 | I49: =+H49*$I$8 -> 3667.1264 | J49: =ROUND(H49+I49,2) -> 14144.63 | K49: =ROUND(E49*J49,2) -> 16492639
A50: =A49+0.01 -> 2.07 | B50: 100305 | C50: DEMOL.ENCHAPE CERAMICO | D50: M2 | E50: =+'Memorias de Cantidades'!K519 -> 1013 | F50: 8227 | G50: =+F50*$G$8 -> 462.3574 | H50: =+F50+G50 -> 8689.3574 | I50: =+H50*$I$8 -> 3041.2751 | J50: =ROUND(H50+I50,2) -> 11730.63 | K50: =ROUND(E50*J50,2) -> 11883128
A51: =A50+0.01 -> 2.08 | B51: 100308 | C51: DEMOL.GUARDAESCOBA | D51: ML | E51: =+'Memorias de Cantidades'!J546 -> 267 | F51: 2269 | G51: =+F51*$G$8 -> 127.5178 | H51: =+F51+G51 -> 2396.5178 | I51: =+H51*$I$8 -> 838.78123 | J51: =ROUND(H51+I51,2) -> 3235.3 | K51: =ROUND(E51*J51,2) -> 863825.1
A52: =A51+0.01 -> 2.09 | B52: 100622 | C52: RETIRO DE SALDOS EN SITIO | D52: M3 | E52: =+'Memorias de Cantidades'!L573 -> 427 | F52: 7156 | G52: =+F52*$G$8 -> 402.1672 | H52: =+F52+G52 -> 7558.1672 | I52: =+H52*$I$8 -> 2645.3585 | J52: =ROUND(H52+I52,2) -> 10203.53 | K52: =ROUND(E52*J52,2) -> 4356907.3
A53: =A52+0.01 -> 2.1 | B53: APU-009 | C53: SUMINISTRO E INSTALACION DE ENCHAPE TRAFICO 4 TIPO MISTIC 60X60 O SIMILAR | D53: M2 | E53: =+'Memorias de Cantidades'!K600 -> 393 | F53: =+Apus!G627 -> 146512.42 | G53: =+F53*$G$8 -> 8233.998 | H53: =+F53+G53 -> 154746.42 | I53: =+H53*$I$8 -> 54161.246 | J53: =ROUND(H53+I53,2) -> 208907.66 | K53: =ROUND(E53*J53,2) -> 82100710
A54: =A53+0.01 -> 2.11 | B54: 200101 | C54: ALISTADO PISO 4 CM | D54: M2 | E54: =+'Memorias de Cantidades'!K627 -> 754 | F54: 24357 | G54: =+F54*$G$8 -> 1368.8634 | H54: =+F54+G54 -> 25725.863 | I54: =+H54*$I$8 -> 9004.0522 | J54: =ROUND(H54+I54,2) -> 34729.92 | K54: =ROUND(E54*J54,2) -> 26186360
A55: =A54+0.01 -> 2.12 | B55: 190527 | C55: ENCHAPE CERAMICA 25X25 - 1 CALIDAD | D55: M2 | E55: =+'Memorias de Cantidades'!K654 -> 477 | F55: 54371 | G55: =+F55*$G$8 -> 3055.6502 | H55: =+F55+G55 -> 57426.65 | I55: =+H55*$I$8 -> 20099.328 | J55: =ROUND(H55+I55,2) -> 77525.98 | K55: =ROUND(E55*J55,2) -> 36979892
A56: =A55+0.01 -> 2.13 | B56: 200813 | C56: GUARDAESCOBA PORCELANATO 7X30CM | D56: ML | E56: =+'Memorias de Cantidades'!J681 -> 267 | F56: 15834 | G56: =+F56*$G$8 -> 889.8708 | H56: =+F56+G56 -> 16723.871 | I56: =+H56*$I$8 -> 5853.3548 | J56: =ROUND(H56+I56,2) -> 22577.23 | K56: =ROUND(E56*J56,2) -> 6028120.4
A57: =A56+0.01 -> 2.14 | B57: 260202 | C57: ESPEJO CLARO DE 4 MM | D57: M2 | E57: =+'Memorias de Cantidades'!K692 -> 5 | F57: 73009 | G57: =+F57*$G$8 -> 4103.1058 | H57: =+F57+G57 -> 77112.106 | I57: =+H57*$I$8 -> 26989.237 | J57: =ROUND(H57+I57,2) -> 104101.34 | K57: =ROUND(E57*J57,2) -> 520506.7
A58: =A57+0.01 -> 2.15 | B58: 100419 | C58: DEMOL.CIELO FALSO PANEL+ESTRUCTURA | D58: M2 | E58: =+'Memorias de Cantidades'!K709 -> 144 | F58: 3824 | G58: =+F58*$G$8 -> 214.9088 | H58: =+F58+G58 -> 4038.9088 | I58: =+H58*$I$8 -> 1413.6181 | J58: =ROUND(H58+I58,2) -> 5452.53 | K58: =ROUND(E58*J58,2) -> 785164.32
A59: =A58+0.01 -> 2.16 | B59: 180441 | C59: C.FALSO LAMINA PVC A=25CM E=10MM | D59: M2 | E59: =+'Memorias de Cantidades'!K726 -> 144 | F59: 64772 | G59: =+F59*$G$8 -> 3640.1864 | H59: =+F59+G59 -> 68412.186 | I59: =+H59*$I$8 -> 23944.265 | J59: =ROUND(H59+I59,2) -> 92356.45 | K59: =ROUND(E59*J59,2) -> 13299329
A60: =A59+0.01 -> 2.17 | B60: 250450 | C60: COMBO SANITARIO LINEA MEDIA [S+L+G+I | D60: JGO | E60: =+'Memorias de Cantidades'!I743 -> 4 | F60: 532729 | G60: =+F60*$G$8 -> 29939.37 | H60: =+F60+G60 -> 562668.37 | I60: =+H60*$I$8 -> 196933.93 | J60: =ROUND(H60+I60,2) -> 759602.3 | K60: =ROUND(E60*J60,2) -> 3038409.2
A61: =A60+0.01 -> 2.18 | B61: 250420 | C61: ORINAL GRANDE SUSPENDIDO INSTITUCIONAL | D61: JGO | E61: =+'Memorias de Cantidades'!I760 -> 3 | F61: 384473 | G61: =+F61*$G$8 -> 21607.383 | H61: =+F61+G61 -> 406080.38 | I61: =+H61*$I$8 -> 142128.13 | J61: =ROUND(H61+I61,2) -> 548208.52 | K61: =ROUND(E61*J61,2) -> 1644625.6
A62: =A61+0.01 -> 2.19 | B62: 270403 | C62: CERRADURA BANO ALUMINIO | D62: UND | E62: =+'Memorias de Cantidades'!I777 -> 3 | F62: 59807 | G62: =+F62*$G$8 -> 3361.1534 | H62: =+F62+G62 -> 63168.153 | I62: =+H62*$I$8 -> 22108.854 | J62: =ROUND(H62+I62,2) -> 85277.01 | K62: =ROUND(E62*J62,2) -> 255831.03
A63: =A62+0.01 -> 2.2 | B63: APU-001 | C63: MANTENIMIENTO VENTANA EN CELOCIA EN ALUMINIO | D63: M2 | E63: =+'Memorias de Cantidades'!K794 -> 16 | F63: =+Apus!G776 -> 60650.4 | G63: =+F63*$G$8 -> 3408.5525 | H63: =+F63+G63 -> 64058.952 | I63: =+H63*$I$8 -> 22420.633 | J63: =ROUND(H63+I63,2) -> 86479.59 | K63: =ROUND(E63*J63,2) -> 1383673.4
A64: =A63+0.01 -> 2.21 | B64: 081003 | C64: DEMOL.PAVIMENTO CONCRETO E=20CM | D64: M2 | E64: =+'Memorias de Cantidades'!K811 -> 11 | F64: 15870 | G64: =+F64*$G$8 -> 891.894 | H64: =+F64+G64 -> 16761.894 | I64: =+H64*$I$8 -> 5866.6629 | J64: =ROUND(H64+I64,2) -> 22628.56 | K64: =ROUND(E64*J64,2) -> 248914.16
A65: =A64+0.01 -> 2.22 | B65: 100601 | C65: EXCAVACION TIERRA A MANO | D65: M3 | E65: =+'Memorias de Cantidades'!K828 -> 32 | F65: 18058 | G65: =+F65*$G$8 -> 1014.8596 | H65: =+F65+G65 -> 19072.86 | I65: =+H65*$I$8 -> 6675.5009 | J65: =ROUND(H65+I65,2) -> 25748.36 | K65: =ROUND(E65*J65,2) -> 823947.52
A66: =A65+0.01 -> 2.23 | B66: 140105 | C66: MURO BLOQUE CONCRETO 10x19x39CM | D66: M2 | E66: =+'Memorias de Cantidades'!K845 -> 13 | F66: 46480 | G66: =+F66*$G$8 -> 2612.176 | H66: =+F66+G66 -> 49092.176 | I66: =+H66*$I$8 -> 17182.262 | J66: =ROUND(H66+I66,2) -> 66274.44 | K66: =ROUND(E66*J66,2) -> 861567.72
A67: =A66+0.01 -> 2.24 | B67: 020704 | C67: TUB PVC NOVAFORT 4" | D67: Ml | E67: =+'Memorias de Cantidades'!J863 -> 30 | F67: 24044 | G67: =+F67*$G$8 -> 1351.2728 | H67: =+F67+G67 -> 25395.273 | I67: =+H67*$I$8 -> 8888.3455 | J67: =ROUND(H67+I67,2) -> 34283.62 | K67: =ROUND(E67*J67,2) -> 1028508.6
A68: =A67+0.01 -> 2.25 | B68: 200908 | C68: REJILLA ANGULO HIERRO 1,1/2" Y VAR.1/2" | D68: Ml | E68: =+'Memorias de Cantidades'!J880 -> 16 | F68: 187797 | G68: =+F68*$G$8 -> 10554.191 | H68: =+F68+G68 -> 198351.19 | I68: =+H68*$I$8 -> 69422.917 | J68: =ROUND(H68+I68,2) -> 267774.11 | K68: =ROUND(E68*J68,2) -> 4284385.8
A69: =A68+0.01 -> 2.26 | B69: 110906 | C69: COLCHON ARENA GRUESA E=5-7CM | D69: M3 | E69: =+'Memorias de Cantidades'!J898 -> 2 | F69: 71119 | G69: =+F69*$G$8 -> 3996.8878 | H69: =+F69+G69 -> 75115.888 | I69: =+H69*$I$8 -> 26290.561 | J69: =ROUND(H69+I69,2) -> 101406.45 | K69: =ROUND(E69*J69,2) -> 202812.9
G72: COSTO DIRECTO | K72: =ROUND(SUM(K10:K70),0) -> 303582271
G73: ADMINISTRACION | J73: 0.21 | K73: =ROUND(K72*J73,0) -> 63752277
G74: IMPREVISTOS | J74: 0.06 | K74: =ROUND(K72*J74,0) -> 18214936
G75: UTILIDAD | J75: 0.04 | K75: =ROUND(K72*J75,0) -> 12143291
G76: Total AIU 31% | J76: =+J73+J74+J75 -> 0.31 | K76: =ROUND(K72*J76,0) -> 94110504
G77: IVA SOBRE UTILIDAD | J77: 0.19 | K77: =ROUND(K75*J77,0) -> 2307225
G78: COSTO TOTAL | K78: =ROUND(K72+K73+K74+K75+K77,0) -> 400000000

Sheet Memorias de Cantidades
D2: MEMORIA DE CANTIDADES DE OBRA
B7: =+Mercado!A4 -> 23500C1214 MEJORAMIENTO Y MANTENIMIENTO INFRAESTRUCTURA AEROPUERTO JUAN CASIANO SOLIS DE GUAPI”
G8: =+Mercado!C9 -> TORRE
B10: N° ITEM | C10: DESCRIPCIÓN | D10: UNIDAD | E10: DIMENSIONES | I10: TOTAL | M10: LOCALIZACIÓN
B11: =+Mercado!A10 -> 1.01 | C11: =+Mercado!C10 -> RETIRO MANTO IMPERM.-BREA-ALQUITRAN-XX | D11: =+Mercado!D10 -> M2 | E11: Ancho (M) | F11: Altura (M) | G11: Longitud (M) | H11: Descuento: | I11: Cant (Und) | J11: Long Total (ML) | K11: Area (M²) | L11: Volumen (M³) | M11: LUGAR
E12: 3 | G12: =3+3+3+4.5 -> 13.5 | I12: 1 | K12: =+E12*G12*I12 -> 40.5 | M12: Losa Terraza Tc - Externa
E13: 2 | G13: =3+3+3+4.5 -> 13.5 | I13: 1 | K13: =+E13*G13*I13 -> 27 | M13: Losa Pasillo Tc
E14: 3 | G14: 3.5 | I14: 2 | K14: =+E14*G14*I14 -> 21 | M14: Losa de escotilla
E15: 3 | G15: =3+3+3+4.5 -> 13.5 | I15: 1 | K15: =+E15*G15*I15 -> 40.5 | M15: Losa Terraza Tc - Interna
E16: 0.3 | G16: =3+3+3+4.5 -> 13.5 | I16: 1 | K16: =+E16*G16*I16 -> 4.05 | M16: Losa Frontal Perimetral
E17: 0.3 | G17: =3+3+3+4.5 -> 13.5 | I17: 1 | K17: =+E17*G17*I17 -> 4.05 | M17: Losa Frontal Pasillo
H20: TOTAL | K20: =ROUND(SUM(K12:K19),0) -> 137
B22: N° ITEM | C22: DESCRIPCIÓN | D22: UNIDAD | E22: DIMENSIONES | I22: TOTAL | M22: LOCALIZACIÓN
B23: =+Mercado!A11 -> 1.02 | C23: =+Mercado!C11 -> IMPERM.MANTO 500XT-FOIL ALUMINIO | D23: =+Mercado!D11 -> M2 | E23: Ancho (M) | F23: Altura (M) | G23: Longitud (M) | H23: Descuento: | I23: Cant (Und) | J23: Long Total (ML) | K23: Area (M²) | L23: Volumen (M³) | M23: LUGAR
E24: 3 | G24: =3+3+3+4.5 -> 13.5 | I24: 1 | K24: =+E24*G24*I24 -> 40.5 | M24: Losa Terraza Tc - Externa
E25: 2 | G25: =3+3+3+4.5 -> 13.5 | I25: 1 | K25: =+E25*G25*I25 -> 27 | M25: Losa Pasillo Tc
E26: 3 | G26: 3.5 | I26: 2 | K26: =+E26*G26*I26 -> 21 | M26: Losa de escotilla
E27: 3 | G27: =3+3+3+4.5 -> 13.5 | I27: 1 | K27: =+E27*G27*I27 -> 40.5 | M27: Losa Terraza Tc - Interna
E28: 0.3 | G28: =3+3+3+4.5 -> 13.5 | I28: 1 | K28: =+E28*G28*I28 -> 4.05 | M28: Losa Frontal Perimetral
E29: 0.3 | G29: =3+3+3+4.5 -> 13.5 | I29: 1 | K29: =+E29*G29*I29 -> 4.05 | M29: Losa Frontal Pasillo
H32: TOTAL | K32: =ROUND(SUM(K24:K31),0) -> 137
B34: N° ITEM | C34: DESCRIPCIÓN | D34: UNIDAD | E34: DIMENSIONES | I34: TOTAL | M34: LOCALIZACIÓN
B35: =+Mercado!A12 -> 1.03 | C35: =+Mercado!C12 -> IMPRIMANTE ASFALTICO | D35: =+Mercado!D12 -> KLS | E35: Ancho (M) | F35: Altura (M) | G35: Longitud (M) | H35: Descuento: | I35: Cant (Und) | J35: Long Total (ML) | K35: Area (M²) | L35: Kilos | M35: LUGAR
E36: 3 | G36: =3+3+3+4.5 -> 13.5 | I36: 1 | K36: =+E36*G36*I36 -> 40.5 | L36: =+K36*0.1 -> 4.05 | M36: Losa Terraza Tc - Externa
E37: 2 | G37: =3+3+3+4.5 -> 13.5 | I37: 1 | K37: =+E37*G37*I37 -> 27 | L37: =+K37*0.1 -> 2.7 | M37: Losa Pasillo Tc
E38: 3 | G38: 3.5 | I38: 2 | K38: =+E38*G38*I38 -> 21 | L38: =+K38*0.1 -> 2.1 | M38: Losa de escotilla
E39: 3 | G39: =3+3+3+4.5 -> 13.5 | I39: 1 | K39: =+E39*G39*I39 -> 40.5 | L39: =+K39*0.1 -> 4.05 | M39: Losa Terraza Tc - Interna
E40: 0.3 | G40: =3+3+3+4.5 -> 13.5 | I40: 1 | K40: =+E40*G40*I40 -> 4.05 | L40: =+K40*0.1 -> 0.405 | M40: Losa Frontal Perimetral
E41: 0.3 | G41: =3+3+3+4.5 -> 13.5 | I41: 1 | K41: =+E41*G41*I41 -> 4.05 | L41: =+K41*0.1 -> 0.405 | M41: Losa Frontal Pasillo
H44: TOTAL | L44: =ROUND(SUM(L36:L43),0) -> 14
B46: N° ITEM | C46: DESCRIPCIÓN | D46: UNIDAD | E46: DIMENSIONES | I46: TOTAL | M46: LOCALIZACIÓN
B47: =+Mercado!A13 -> 1.04 | C47: =+Mercado!C13 -> PASAMANOS METALICO TUBULAR-REDONDO | D47: =+Mercado!D13 -> ML | E47: Ancho (M) | F47: Altura (M) | G47: Longitud (M) | H47: Descuento: | I47: Cant (Und) | J47: Long Total (ML) | K47: Area (M²) | L47: Volumen (M³) | M47: LUGAR
G48: =6*5 -> 30 | I48: 3 | J48: =+G48*I48 -> 90 | M48: Terraza 1
G49: 1.2 | I49: =+G48/2 -> 15 | J49: =+G49*I49 -> 18 | M49: Terraza 1
G50: =3+3+2 -> 8 | I50: 3 | J50: =+G50*I50 -> 24 | M50: Losa de escotilla
G51: 1.2 | I51: =+G50/2 -> 4 | J51: =+G51*I51 -> 4.8 | M51: Losa de escotilla
G52: =6*5 -> 30 | I52: 3 | J52: =+G52*I52 -> 90 | M52: Terraza 2
G53: 1.2 | I53: =+G52/2 -> 15 | J53: =+G53*I53 -> 18 | M53: Terraza 3
G54: 2 | I54: 3 | J54: =+G54*I54 -> 6 | M54: Escalerilla
H56: TOTAL | J56: =ROUND(SUM(J48:J55),0) -> 251
B58: N° ITEM | C58: DESCRIPCIÓN | D58: UNIDAD | E58: DIMENSIONES | I58: TOTAL | M58: LOCALIZACIÓN
B59: =+Mercado!A14 -> 1.05 | C59: =+Mercado!C14 -> DESM.DIVISION PANEL LAMINA YESO-BOARD | D59: =+Mercado!D14 -> M2 | E59: Ancho (M) | F59: Altura (M) | G59: Longitud (M) | H59: Descuento: | I59: Cant (Und) | J59: Long Total (ML) | K59: Area (M²) | L59: Volumen (M³) | M59: LUGAR
E60: 0.5 | G60: =6*5 -> 30 | I60: 2 | K60: =+E60*G60*I60 -> 30 | M60: Terraza 1
H68: TOTAL | K68: =ROUND(SUM(K60:K67),0) -> 30
B70: N° ITEM | C70: DESCRIPCIÓN | D70: UNIDAD | E70: DIMENSIONES | I70: TOTAL | M70: LOCALIZACIÓN
B71: =+Mercado!A15 -> 1.06 | C71: =+Mercado!C15 -> C.F.LAMINA BOARD 1214x605x4MM P.ALUMINIO | D71: =+Mercado!D15 -> M2 | E71: Ancho (M) | F71: Altura (M) | G71: Longitud (M) | H71: Descuento: | I71: Cant (Und) | J71: Long Total (ML) | K71: Area (M²) | L71: Volumen (M³) | M71: LUGAR
E72: 0.5 | G72: =6*5 -> 30 | I72: 2 | K72: =+E72*G72*I72 -> 30 | M72: Terraza 1
H80: TOTAL | K80: =ROUND(SUM(K72:K79),0) -> 30
B82: N° ITEM | C82: DESCRIPCIÓN | D82: UNIDAD | E82: DIMENSIONES | I82: TOTAL | M82: LOCALIZACIÓN
B83: =+Mercado!A16 -> 1.07 | C83: =+Mercado!C16 -> MANTENIMIENTO VENTANA EN CELOCIA EN ALUMINIO | D83: =+Mercado!D16 -> M2 | E83: Ancho (M) | F83: Altura (M) | G83: Longitud (M) | H83: Descuento: | I83: Cant (Und) | J83: Long Total (ML) | K83: Area (M²) | L83: Volumen (M³) | M83: LUGAR
E84: 2 | F84: 2 | I84: 4 | K84: =+E84*F84*I84 -> 16 | M84: Ala Escotilla Frente
E85: 1.5 | F85: 2 | I85: 4 | K85: =+E85*F85*I85 -> 12 | M85: Ala Escotilla Izquierdo
E86: 1.5 | F86: 2 | I86: 4 | K86: =+E86*F86*I86 -> 12 | M86: Ala Escotilla Derecho
E87: 2 | F87: 2 | I87: 8 | K87: =+E87*F87*I87 -> 32 | M87: Perimetrales
H92: TOTAL | K92: =ROUND(SUM(K84:K91),0) -> 72
B94: N° ITEM | C94: DESCRIPCIÓN | D94: UNIDAD | E94: DIMENSIONES | I94: TOTAL | M94: LOCALIZACIÓN
B95: =+Mercado!A17 -> 1.08 | C95: =+Mercado!C17 -> ANDAMIO METALICO TUBULAR | D95: =+Mercado!D17 -> U/D | E95: Ancho (M) | F95: Altura (M) | G95: Longitud (M) | H95: Descuento: | I95: Cant (Und) | J95: Dias | K95: Area (M²) | L95: U/Dia | M95: LUGAR
I96: 15 | J96: 30 | L96: =+I96*J96 -> 450 | M96: Seciones Torre 5 Pisos
H104: TOTAL | L104: =ROUND(SUM(L96:L103),0) -> 450
B106: N° ITEM | C106: DESCRIPCIÓN | D106: UNIDAD | E106: DIMENSIONES | I106: TOTAL | M106: LOCALIZACIÓN
B107: =+Mercado!A18 -> 1.09 | C107: =+Mercado!C18 -> RASQUETEADA-LIJADA-RESANE | D107: =+Mercado!D18 -> M2 | E107: Ancho (M) | F107: Altura (M) | G107: Longitud (M) | H107: Descuento: | I107: Cant (Und) | J107: Long Total (ML) | K107: Area (M²) | L107: Volumen (M³) | M107: LUGAR
E108: 0.5 | F108: 12 | I108: 10 | K108: =+E108*F108*I108 -> 60 | M108: Columnas Exteriores
E109: 0.5 | G109: 30 | I109: 16 | K109: =+E109*G109*I109 -> 240 | M109: Vigas o Losas
H116: TOTAL | K116: =ROUND(SUM(K108:K115),0) -> 300
B118: N° ITEM | C118: DESCRIPCIÓN | D118: UNIDAD | E118: DIMENSIONES | I118: TOTAL | M118: LOCALIZACIÓN
B119: =+Mercado!A19 -> 1.1 | C119: =+Mercado!C19 -> ESGRAFIADO SOBRE RESANES | D119: =+Mercado!D19 -> M2 | E119: Ancho (M) | F119: Altura (M) | G119: Longitud (M) | H119: Descuento: | I119: Cant (Und) | J119: Long Total (ML) | K119: Area (M²) | L119: Volumen (M³) | M119: LUGAR
E120: 0.5 | F120: 12 | I120: 10 | K120: =+E120*F120*I120 -> 60 | M120: Columnas Exteriores
E121: 0.5 | G121: 30 | I121: 16 | K121: =+E121*G121*I121 -> 240 | M121: Vigas o Losas
H128: TOTAL | K128: =ROUND(SUM(K120:K127),0) -> 300
B130: N° ITEM | C130: DESCRIPCIÓN | D130: UNIDAD | E130: DIMENSIONES | I130: TOTAL | M130: LOCALIZACIÓN
B131: =+Mercado!A20 -> 1.11 | C131: =+Mercado!C20 -> REPELENTE DE AGUA IMPERM | D131: =+Mercado!D20 -> M2 | E131: Ancho (M) | F131: Altura (M) | G131: Longitud (M) | H131: Descuento: | I131: Cant (Und) | J131: Long Total (ML) | K131: Area (M²) | L131: Volumen (M³) | M131: LUGAR
E132: 0.5 | F132: 12 | I132: 10 | K132: =+E132*F132*I132 -> 60 | M132: Columnas Exteriores
E133: 0.5 | G133: 30 | I133: 16 | K133: =+E133*G133*I133 -> 240 | M133: Vigas o Losas
H140: TOTAL | K140: =ROUND(SUM(K132:K139),0) -> 300
B142: N° ITEM | C142: DESCRIPCIÓN | D142: UNIDAD | E142: DIMENSIONES | I142: TOTAL | M142: LOCALIZACIÓN
B143: =+Mercado!A21 -> 1.12 | C143: =+Mercado!C21 -> VINILO CIELO TIPO 1 [3M] | D143: =+Mercado!D21 -> M2 | E143: Ancho (M) | F143: Altura (M) | G143: Longitud (M) | H143: Descuento: | I143: Cant (Und) | J143: Long Total (ML) | K143: Area (M²) | L143: Volumen (M³) | M143: LUGAR
E144: 0.5 | F144: 12 | I144: 10 | K144: =+E144*F144*I144 -> 60 | M144: Columnas Exteriores
E145: 0.5 | G145: 30 | I145: 16 | K145: =+E145*G145*I145 -> 240 | M145: Vigas o Losas
H152: TOTAL | K152: =ROUND(SUM(K144:K151),0) -> 300
B154: N° ITEM | C154: DESCRIPCIÓN | D154: UNIDAD | E154: DIMENSIONES | I154: TOTAL | M154: LOCALIZACIÓN
B155: =+Mercado!A22 -> 1.13 | C155: =+Mercado!C22 -> RETIRO DE SALDOS EN SITIO | D155: =+Mercado!D22 -> M3 | E155: Ancho (M) | F155: Altura (M) | G155: Longitud (M) | H155: Descuento: | I155: Area (M²) | J155: Long Total (ML) | K155: Area (M²) | L155: Volumen (M³) | M155: LUGAR
F156: 0.3 | I156: =+K20 -> 137 | L156: =+F156*I156 -> 41.1 | M156: =+C11 -> RETIRO MANTO IMPERM.-BREA-ALQUITRAN-XX
F157: 0.1 | I157: =+K68 -> 30 | L157: =+F157*I157 -> 3 | M157: =+C59 -> DESM.DIVISION PANEL LAMINA YESO-BOARD
F158: 0.1 | I158: =+K116 -> 300 | L158: =+F158*I158 -> 30 | M158: =+C107 -> RASQUETEADA-LIJADA-RESANE
L159: =+K368 -> 36 | M159: =+C359 -> EXCAVACION TIERRA CONGLOMERADO
L160: 55 | M160: VARIOS
H164: TOTAL | L164: =ROUND(SUM(L156:L163),0) -> 165
B166: N° ITEM | C166: DESCRIPCIÓN | D166: UNIDAD | E166: DIMENSIONES | I166: TOTAL | M166: LOCALIZACIÓN
B167: =+Mercado!A23 -> 1.14 | C167: =+Mercado!C23 -> CERRADURA YALE ENTRADA PPAL.REF.5316 | D167: =+Mercado!D23 -> UND | E167: Ancho (M) | F167: Altura (M) | G167: Longitud (M) | H167: Descuento: | I167: Cant (Und) | J167: Long Total (ML) | K167: Area (M²) | L167: Volumen (M³) | M167: LUGAR
I168: 1 | M168: Puerta Ppal Tc
I169: 1 | M169: Abordaje
H176: TOTAL | I176: =ROUND(SUM(I168:I175),0) -> 2
B178: N° ITEM | C178: DESCRIPCIÓN | D178: UNIDAD | E178: DIMENSIONES | I178: TOTAL | M178: LOCALIZACIÓN
B179: =+Mercado!A24 -> 1.15 | C179: =+Mercado!C24 -> SUMINISTRO E INSTALACION DE TIMBRE | D179: =+Mercado!D24 -> UND | E179: Ancho (M) | F179: Altura (M) | G179: Longitud (M) | H179: Descuento: | I179: Cant (Und) | J179: Long Total (ML) | K179: Area (M²) | L179: Volumen (M³) | M179: LUGAR
I180: 1 | M180: Puerta Ppal Tc
I181: 1 | M181: Trasl interruptor Alarma
I182: 1 | M182: Trasl interruptor puerta
H188: TOTAL | I188: =ROUND(SUM(I180:I187),0) -> 3
B190: N° ITEM | C190: DESCRIPCIÓN | D190: UNIDAD | E190: DIMENSIONES | I190: TOTAL | M190: LOCALIZACIÓN
B191: =+Mercado!A25 -> 1.16 | C191: =+Mercado!C25 -> LIMPIEZA DESMONTE ASEO | D191: =+Mercado!D25 -> M2 | E191: Ancho (M) | F191: Altura (M) | G191: Longitud (M) | H191: Descuento: | I191: Cant (Und) | J191: Long Total (ML) | K191: Area (M²) | L191: Volumen (M³) | M191: LUGAR
...

Sheet Presupuesto
A1: AERONAUTICA CIVIL- REGIONAL OCCIDENTE
A3: Estudio de Mercado
A4: =+Mercado!A4 -> 23500C1214 MEJORAMIENTO Y MANTENIMIENTO INFRAESTRUCTURA AEROPUERTO JUAN CASIANO SOLIS DE GUAPI”
A7: ITEM | B7: Cod | C7: DESCRIPCION | D7: UND | E7: CANT | F7: VR Unitaro F | G7: VR TOTAL | J7: 1.31
A8: 1 | C8: TORRE
A9: =A8+0.01 -> 1.01 | B9: 100418 | C9: RETIRO MANTO IMPERM.-BREA-ALQUITRAN-XX | D9: M2 | E9: 137 | F9: =+I9 -> 11213.04 | G9: =ROUND(F9*E9,2) -> 1536186.5 | I9: 11213.04 | J9: =+I9*$J$7 -> 14689.082
A10: =A9+0.01 -> 1.02 | B10: 180310 | C10: IMPERM.MANTO 500XT-FOIL ALUMINIO | D10: M2 | E10: 137 | F10: =+I10 -> 64251.13 | G10: =ROUND(F10*E10,2) -> 8802404.8 | I10: 64251.13 | J10: =+I10*$J$7 -> 84168.98
A11: =A10+0.01 -> 1.03 | B11: 320803 | C11: IMPRIMANTE ASFALTICO | D11: KLS | E11: 14 | F11: =+I11 -> 19249.25 | G11: =ROUND(F11*E11,2) -> 269489.5 | I11: 19249.25 | J11: =+I11*$J$7 -> 25216.518
A12: =A11+0.01 -> 1.04 | B12: 290426 | C12: PASAMANOS METALICO TUBULAR-REDONDO | D12: ML | E12: 251 | F12: =+I12 -> 25836.76 | G12: =ROUND(F12*E12,2) -> 6485026.8 | I12: 25836.76 | J12: =+I12*$J$7 -> 33846.156
A13: =A12+0.01 -> 1.05 | B13: 100531 | C13: DESM.DIVISION PANEL LAMINA YESO-BOARD | D13: M2 | E13: 30 | F13: =+I13 -> 11620.84 | G13: =ROUND(F13*E13,2) -> 348625.2 | I13: 11620.84 | J13: =+I13*$J$7 -> 15223.3
A14: =A13+0.01 -> 1.06 | B14: 180435 | C14: C.F.LAMINA BOARD 1214x605x4MM P.ALUMINIO | D14: M2 | E14: 30 | F14: =+I14 -> 61647.49 | G14: =ROUND(F14*E14,2) -> 1849424.7 | I14: 61647.49 | J14: =+I14*$J$7 -> 80758.212
A15: =A14+0.01 -> 1.07 | B15: APU-001 | C15: MANTENIMIENTO VENTANA EN CELOCIA EN ALUMINIO | D15: M2 | E15: 72 | F15: =+I15 -> 86479.59 | G15: =ROUND(F15*E15,2) -> 6226530.5 | I15: 86479.59 | J15: =+I15*$J$7 -> 113288.26
A16: =A15+0.01 -> 1.08 | B16: 330135 | C16: ANDAMIO METALICO TUBULAR | D16: U/D | E16: 450 | F16: =+I16 -> 1568.46 | G16: =ROUND(F16*E16,2) -> 705807 | I16: 1568.46 | J16: =+I16*$J$7 -> 2054.6826
A17: =A16+0.01 -> 1.09 | B17: 290115 | C17: RASQUETEADA-LIJADA-RESANE | D17: M2 | E17: 300 | F17: =+I17 -> 2617.9 | G17: =ROUND(F17*E17,2) -> 785370 | I17: 2617.9 | J17: =+I17*$J$7 -> 3429.449
A18: =A17+0.01 -> 1.1 | B18: 291003 | C18: ESGRAFIADO SOBRE RESANES | D18: M2 | E18: 300 | F18: =+I18 -> 15483.52 | G18: =ROUND(F18*E18,2) -> 4645056 | I18: 15483.52 | J18: =+I18*$J$7 -> 20283.411
A19: =A18+0.01 -> 1.11 | B19: 290503 | C19: REPELENTE DE AGUA IMPERM | D19: M2 | E19: 300 | F19: =+I19 -> 10512.94 | G19: =ROUND(F19*E19,2) -> 3153882 | I19: 10512.94 | J19: =+I19*$J$7 -> 13771.951
A20: =A19+0.01 -> 1.12 | B20: 290307 | C20: VINILO CIELO TIPO 1 [3M] | D20: M2 | E20: 300 | F20: =+I20 -> 14144.63 | G20: =ROUND(F20*E20,2) -> 4243389 | I20: 14144.63 | J20: =+I20*$J$7 -> 18529.465
A21: =A20+0.01 -> 1.13 | B21: 100622 | C21: RETIRO DE SALDOS EN SITIO | D21: M3 | E21: 165 | F21: =+I21 -> 10203.53 | G21: =ROUND(F21*E21,2) -> 1683582.4 | I21: 10203.53 | J21: =+I21*$J$7 -> 13366.624
A22: =A21+0.01 -> 1.14 | B22: 270107 | C22: CERRADURA YALE ENTRADA PPAL.REF.5316 | D22: UND | E22: 2 | F22: =+I22 -> 86005.63 | G22: =ROUND(F22*E22,2) -> 172011.26 | I22: 86005.63 | J22: =+I22*$J$7 -> 112667.38
... A41: =A40+0.01 -> 1.33 | B41: 080522 | C41: SARDINEL EN CONCRETO 15X15 MAS HIERRO | D41: ML | E41: 100 | F41: =+I41 -> 26961.78 | G41: =ROUND(F41*E41,2) -> 2696178 | I41: 26961.78 | J41: =+I41*$J$7 -> 35319.932
A42: 2 | C42: TERMINAL | J42: =+I42*$J$7 -> 0
A43: =A42+0.01 -> 2.01 | B43: APU-007 | C43: LIMPIEZA Y ASEO GENERAL C.F. PVC | D43: M2 | E43: 640 | F43: =+I43 -> 3434.81 | G43: =ROUND(F43*E43,2) -> 2198278.4 | I43: 3434.81 | J43: =+I43*$J$7 -> 4499.6011
A44: =A43+0.01 -> 2.02 | B44: 310101 | C44: LIMPIEZA CARPINTERIA METALICA | D44: M2 | E44: 38 | F44: =+I44 -> 2724.84 | G44: =ROUND(F44*E44,2) -> 103543.92 | I44: 2724.84 | J44: =+I44*$J$7 -> 3569.5404
A45: =A44+0.01 -> 2.03 | B45: 290407 | C45: ESMALTE SOBRE LAMINA LLENA | D45: M2 | E45: 38 | F45: =+I45 -> 14436.93 | G45: =ROUND(F45*E45,2) -> 548603.34 | I45: 14436.93 | J45: =+I45*$J$7 -> 18912.378
A46: =A45+0.01 -> 2.04 | B46: APU-008 | C46: MANTENIMIENTO VENTANA EN ALUMINIO | D46: M2 | E46: 13 | F46: =+I46 -> 76286.9 | G46: =ROUND(F46*E46,2) -> 991729.7 | I46: 76286.9 | J46: =+I46*$J$7 -> 99935.839
A47: =A46+0.01 -> 2.05 | B47: 290115 | C47: RASQUETEADA-LIJADA-RESANE | D47: M2 | E47: 1166 | F47: =+I47 -> 2617.9 | G47: =ROUND(F47*E47,2) -> 3052471.4 | I47: 2617.9 | J47: =+I47*$J$7 -> 3429.449
A48: =A47+0.01 -> 2.06 | B48: 290307 | C48: VINILO CIELO TIPO 1 [3M] | D48: M2 | E48: 1166 | F48: =+I48 -> 14144.63 | G48: =ROUND(F48*E48,2) -> 16492639 | I48: 14144.63 | J48: =+I48*$J$7 -> 18529.465
A49: =A48+0.01 -> 2.07 | B49: 100305 | C49: DEMOL.ENCHAPE CERAMICO | D49: M2 | E49: 1013 | F49: =+I49 -> 11730.63 | G49: =ROUND(F49*E49,2) -> 11883128 | I49: 11730.63 | J49: =+I49*$J$7 -> 15367.125
A50: =A49+0.01 -> 2.08 | B50: 100308 | C50: DEMOL.GUARDAESCOBA | D50: ML | E50: 267 | F50: =+I50 -> 3235.3 | G50: =ROUND(F50*E50,2) -> 863825.1 | I50: 3235.3 | J50: =+I50*$J$7 -> 4238.243
A51: =A50+0.01 -> 2.09 | B51: 100622 | C51: RETIRO DE SALDOS EN SITIO | D51: M3 | E51: 427 | F51: =+I51 -> 10203.53 | G51: =ROUND(F51*E51,2) -> 4356907.3 | I51: 10203.53 | J51: =+I51*$J$7 -> 13366.624
A52: =A51+0.01 -> 2.1 | B52: APU-009 | C52: SUMINISTRO E INSTALACION DE ENCHAPE TRAFICO 4 TIPO MISTIC 60X60 O SIMILAR | D52: M2 | E52: 393 | F52: =+I52 -> 208907.66 | G52: =ROUND(F52*E52,2) -> 82100710 | I52: 208907.66 | J52: =+I52*$J$7 -> 273669.03
A53: =A52+0.01 -> 2.11 | B53: 200101 | C53: ALISTADO PISO 4 CM | D53: M2 | E53: 754 | F53: =+I53 -> 34729.92 | G53: =ROUND(F53*E53,2) -> 26186360 | I53: 34729.92 | J53: =+I53*$J$7 -> 45496.195
A54: =A53+0.01 -> 2.12 | B54: 190527 | C54: ENCHAPE CERAMICA 25X25 - 1 CALIDAD | D54: M2 | E54: 477 | F54: =+I54 -> 77525.98 | G54: =ROUND(F54*E54,2) -> 36979892 | I54: 77525.98 | J54: =+I54*$J$7 -> 101559.03
... A68: =A67+0.01 -> 2.26 | B68: 110906 | C68: COLCHON ARENA GRUESA E=5-7CM | D68: M3 | E68: 2 | F68: =+I68 -> 101406.45 | G68: =ROUND(F68*E68,2) -> 202812.9 | I68: 101406.45 | J68: =+I68*$J$7 -> 132842.45
G70: =ROUND(SUM(G9:G68),0) -> 303582271
F71: 0.21 | G71: =ROUND(G70*F71,0) -> 63752277
F72: 0.06 | G72: =ROUND(G70*F72,0) -> 18214936
F73: 0.04 | G73: =ROUND(G70*F73,0) -> 12143291
F74: 0.31 | G74: =ROUND(G70*F74,0) -> 94110504
F75: 0.19 | G75: =ROUND(G73*F75,0) -> 2307225
G76: =ROUND(G70+G71+G72+G73+G75,2) -> 400000000

Sheet Apus
A1: ANALISIS DE PRECIOS UNITARIOS
A4: =+Mercado!A4 -> 23500C1214 MEJORAMIENTO Y MANTENIMIENTO INFRAESTRUCTURA AEROPUERTO JUAN CASIANO SOLIS DE GUAPI”
A81: MANTENIMIENTO VENTANA EN CELOCIA EN ALUMINIO | G81: UNIDAD: M2
G82: ITEM: APU-001
A83: DESCRIPCION | C83: UND | D83: CANT. | E83: DESP.% | F83: PRECIO UNIT | G83: VALOR TOTAL
A85: MATERIALES
A86: LIJA 400 AGUA | C86: PLI | D86: 0.5 | E86: 0 | F86: 1100 | G86: =TRUNC(D86* (1 + E86 / 100) * F86,2) -> 550
A87: DISOLVENTE | C87: GLN | D87: 0.2 | E87: 0 | F87: 45000 | G87: =TRUNC(D87* (1 + E87 / 100) * F87,2) -> 9000
A88: ESMALTE SINTETICO | C88: GLN | D88: 0.1 | E88: 1 | F88: 59900 | G88: =TRUNC(D88* (1 + E88 / 100) * F88,2) -> 6049.9
A89: ANTICORROSIVO ALQUIDICO PREMIUM | C89: GLN | D89: 0.5 | E89: 1 | F89: 46000 | G89: =TRUNC(D89* (1 + E89 / 100) * F89,2) -> 23230
A90: BROCHA CERDA NATURAL 2-1-2 | C90: UND | D90: 1 | F90: 8100 | G90: =TRUNC(D90* (1 + E90 / 100) * F90,2) -> 8100
F92: SUBTOTAL MATERIALES | G92: =SUM(G86:G90) -> 46929.9
A93: MANO DE OBRA
A94: M.O. PINTURA 1 AYUDANTE-1 OFI | C94: HC | D94: 0.5 | E94: 0 | F94: 25931 | G94: =TRUNC(D94* (1 + E94 / 100) * F94,2) -> 12965.5
F95: SUBTOTAL MANO DE OBRA | G95: =SUM(G94) -> 12965.5
A96: EQUIPO
A97: HERRAMIENTA MENOR | C97: GLB | D97: 0.3 | E97: 0 | F97: 1600 | G97: =TRUNC(D97* (1 + E97 / 100) * F97,2) -> 480
A98: ANDAMIO METALICO TUBULAR | C98: U/D | D98: 0.25 | E98: 0 | F98: 1100 | G98: =TRUNC(D98* (1 + E98 / 100) * F98,2) -> 275
F99: SUBTOTAL EQUIPO | G99: =SUM(G97:G98) -> 755
A100: OTROS
G101: =TRUNC(D101* (1 + E101 / 100) * F101,2) -> 0
F102: SUBTOTAL OTROS | G102: =SUM(G100:G101) -> 0
E104: COSTO DIRECTO | F104: =SUM(G83:G103)/2 -> 60650.4 | G104: =IF($A$2="CD",IF($A$3=1,ROUND(SUM(G83:G103)/2,0),IF($A$3=3,ROUND(SUM(G83:G103)/2,-1),SUM(G83:G103)/2)),SUM(G83:G103)/2) -> 60650.4
A189: SUMINISTRO E INSTALACION DE TIMBRE | G189: UNIDAD: UND
G190: ITEM: APU-002
A191: DESCRIPCION | C191: UND | D191: CANT. | E191: DESP.% | F191: PRECIO UNIT | G191: VALOR TOTAL
A193: MATERIALES
A194: PULSADOR TIMBRE AX040M | C194: UND | D194: 1 | E194: 0 | F194: 11410 | G194: =TRUNC(D194* (1 + E194 / 100) * F194,2) -> 11410
A195: TIMBRE | C195: UND | D195: 1 | E195: 0 | F195: 22000 | G195: =TRUNC(D195* (1 + E195 / 100) * F195,2) -> 22000
A196: CABLE DUPLEX 2 X 22 THWN | C196: ML | D196: 35 | E196: 0 | F196: 920 | G196: =TRUNC(D196* (1 + E196 / 100) * F196,2) -> 32200
F198: SUBTOTAL MATERIALES | G198: =SUM(G194:G196) -> 65610
A199: MANO DE OBRA
A200: MANO OBRA ELECTRICAS 1 AYUDANTE-1 OFI | C200: HC | D200: 0.5 | E200: 0 | F200: 33455 | G200: =TRUNC(D200* (1 + E200 / 100) * F200,2) -> 16727.5
F201: SUBTOTAL MANO DE OBRA | G201: =SUM(G200) -> 16727.5
A202: EQUIPO
A203: HERRAMIENTA MENOR | C203: GLB | D203: 0.3 | E203: 0 | F203: 1600 | G203: =TRUNC(D203* (1 + E203 / 100) * F203,2) -> 480
G204: =TRUNC(D204* (1 + E204 / 100) * F204,2) -> 0
F205: SUBTOTAL EQUIPO | G205: =SUM(G203:G204) -> 480
A206: OTROS
G207: =TRUNC(D207* (1 + E207 / 100) * F207,2) -> 0
F208: SUBTOTAL OTROS | G208: =SUM(G206:G207) -> 0
E210: COSTO DIRECTO | F210: =SUM(G191:G209)/2 -> 82817.5 | G210: =IF($A$2="CD",IF($A$3=1,ROUND(SUM(G191:G209)/2,0),IF($A$3=3,ROUND(SUM(G191:G209)/2,-1),SUM(G191:G209)/2)),SUM(G191:G209)/2) -> 82817.5
A317: CAMBIO RIEL PUERTA - VENTANA -SIMILAR-GUIA EXTENSION | G317: UNIDAD: UND
G318: ITEM: APU-003
A319: DESCRIPCION | C319: UND | D319: CANT. | E319: DESP.% | F319: PRECIO UNIT | G319: VALOR TOTAL
A321: MATERIALES
A322: RIEL GUIA EXTENSION 45MM-4 | C322: PAR | D322: 1 | E322: 0 | F322: 59900 | G322: =TRUNC(D322* (1 + E322 / 100) * F322,2) -> 59900
G323: =TRUNC(D323* (1 + E323 / 100) * F323,2) -> 0
F326: SUBTOTAL MATERIALES | G326: =SUM(G322:G324) -> 59900
A327: MANO DE OBRA
A328: MANO OBRA CARP.METALICA 1 AYUDANTE-1 OFI | C328: HC | D328: 1.15 | E328: 0 | F328: 26886 | G328: =TRUNC(D328* (1 + E328 / 100) * F328,2) -> 30918.9
F329: SUBTOTAL MANO DE OBRA | G329: =SUM(G328) -> 30918.9
A330: EQUIPO
A331: HERRAMIENTA MENOR | C331: GLB | D331: 1 | E331: 0 | F331: 1600 | G331: =TRUNC(D331* (1 + E331 / 100) * F331,2) -> 1600
G332: =TRUNC(D332* (1 + E332 / 100) * F332,2) -> 0
F333: SUBTOTAL EQUIPO | G333: =SUM(G331:G332) -> 1600
A334: OTROS
G335: =TRUNC(D335* (1 + E335 / 100) * F335,2) -> 0
F336: SUBTOTAL OTROS | G336: =SUM(G334:G335) -> 0
E338: COSTO DIRECTO | F338: =SUM(G319:G337)/2 -> 92418.9 | G338: =IF($A$2="CD",IF($A$3=1,ROUND(SUM(G319:G337)/2,0),IF($A$3=3,ROUND(SUM(G319:G337)/2,-1),SUM(G319:G337)/2)),SUM(G319:G337)/2) -> 92418.9
A340: SUMINISTRO E INSTALACION DE CITOFONO CON CAMARA | G340: UNIDAD: UND
G341: ITEM: APU-004
A342: DESCRIPCION | C342: UND | D342: CANT. | E342: DESP.% | F342: PRECIO UNIT | G342: VALOR TOTAL
A344: MATERIALES
A345: Video Portero 7 Pulgadas C/ Audífono | C345: PAR | D345: 1 | E345: 0 | F345: 740000 | G345: =TRUNC(D345* (1 + E345 / 100) * F345,2) -> 740000
G346: =TRUNC(D346* (1 + E346 / 100) * F346,2) -> 0
F349: SUBTOTAL MATERIALES | G349: =SUM(G345:G347) -> 740000
A350: MANO DE OBRA
A351: MANO OBRA ELECTRICAS 1 AYUDANTE-1 OFI | C351: HC | D351: 0.5 | E351: 0 | F351: 33455 | G351: =TRUNC(D351* (1 + E351 / 100) * F351,2) -> 16727.5
F352: SUBTOTAL MANO DE OBRA | G352: =SUM(G351) -> 16727.5
A353: EQUIPO
A354: HERRAMIENTA MENOR | C354: GLB | D354: 1 | E354: 0 | F354: 1600 | G354: =TRUNC(D354* (1 + E354 / 100) * F354,2) -> 1600
G355: =TRUNC(D355* (1 + E355 / 100) * F355,2) -> 0
F356: SUBTOTAL EQUIPO | G356: =SUM(G354:G355) -> 1600
A357: OTROS
G358: =TRUNC(D358* (1 + E358 / 100) * F358,2) -> 0
F359: SUBTOTAL OTROS | G359: =SUM(G357:G358) -> 0
E361: COSTO DIRECTO | F361: =SUM(G342:G360)/2 -> 758327.5 | G361: =IF($A$2="CD",IF($A$3=1,ROUND(SUM(G342:G360)/2,0),IF($A$3=3,ROUND(SUM(G342:G360)/2,-1),SUM(G342:G360)/2)),SUM(G342:G360)/2) -> 758327.5
A363: SUMINISTRO E INSTALACION DE CHAPA CON APERTURA REMOTA | G363: UNIDAD: UND
G364: ITEM: APU-005
A365: DESCRIPCION | C365: UND | D365: CANT. | E365: DESP.% | F365: PRECIO UNIT | G365: VALOR TOTAL
A367: MATERIALES
A368: Chapa Eléctrica Cerradura | C368: UND | D368: 1 | E368: 0 | F368: 950000 | G368: =TRUNC(D368* (1 + E368 / 100) * F368,2) -> 950000
G369: =TRUNC(D369* (1 + E369 / 100) * F369,2) -> 0
F372: SUBTOTAL MATERIALES | G372: =SUM(G368:G370) -> 950000
A373: MANO DE OBRA
A374: MANO OBRA ELECTRICAS 1 AYUDANTE-1 OFI | C374: HC | D374: 0.5 | E374: 0 | F374: 33455 | G374: =TRUNC(D374* (1 + E374 / 100) * F374,2) -> 16727.5
F375: SUBTOTAL MANO DE OBRA | G375: =SUM(G374) -> 16727.5
A376: EQUIPO
A377: HERRAMIENTA MENOR | C377: GLB | D377: 1 | E377: 0 | F377: 1600 | G377: =TRUNC(D377* (1 + E377 / 100) * F377,2) -> 1600
G378: =TRUNC(D378* (1 + E378 / 100) * F378,2) -> 0
F379: SUBTOTAL EQUIPO | G379: =SUM(G377:G378) -> 1600
A380: OTROS
G381: =TRUNC(D381* (1 + E381 / 100) * F381,2) -> 0
F382: SUBTOTAL OTROS | G382: =SUM(G380:G381) -> 0
E384: COSTO DIRECTO | F384: =SUM(G365:G383)/2 -> 968327.5 | G384: =IF($A$2="CD",IF($A$3=1,ROUND(SUM(G365:G383)/2,0),IF($A$3=3,ROUND(SUM(G365:G383)/2,-1),SUM(G365:G383)/2)),SUM(G365:G383)/2) -> 968327.5
A415: RELLENO COMPACTADO CON BALASTRO DE RIO | G415: UNIDAD: UND
G416: ITEM: APU-006
A417: DESCRIPCION | C417: UND | D417: CANT. | E417: DESP.% | F417: PRECIO UNIT | G417: VALOR TOTAL
A419: MATERIALES
...

Sheet Datos Finacieros
A2: DATOS FINANCIEROS
A4: VALOR DEL PRESUPUESTO(Po) | E4: =+Mercado!K78 -> 400000000
A5: PLAZO DEL PROYECTO (n) | E5: 3
A6: CAPITAL DE TRABAJO DEMANDADO (CTd)= (Po/n) | E6: =E4/E5 -> 1.3333333e+08
A7: CAPITAL DE TRABAJO (CT)>= CTd | E7: =E6 -> 1.3333333e+08
A8: PATRIMONIO(P)= >=10%*Po | E8: =E4*0.1 -> 40000000
E13: 45 dias
C17: 1 | D17: 30
C18: x | D18: 45
D20: =+(C17*D18)/D17 -> 1.5
A22: https://www.dane.gov.co/files/investigaciones/boletines/iccv/bol_iccv_dic21.pdf
